Map: Lightshade LE

Players

Rogue - Winner!

  • Race: Zerg Zerg
  • Spawn Location: 5:00

Vanya

  • Race: Zerg Zerg
  • Spawn Location: 11:00

Event: StayAtHome Story Cup #3

VOD

Have the link to the VOD?

Description

Time

  • Played on: March 11, 2021, 9:04 a.m.
  • Length: 15:39

All games in this series

Show
View Real Time Build Order
Export as new Build Order

Rogue Zerg - Winner!

Build Orders: Pool First 

Get SALT Encoding   

  12  0:00  Drone  
  13  0:12  Overlord  
  13  0:17  Drone  
  14  0:31  Drone x2  
  16  0:35  Drone  
  17  0:45  Extractor  
  17  0:46  Drone  
  17  0:49  Spawning Pool  
  16  0:56  Drone  
  17  1:07  Drone  
  18  1:18  Hatchery  
  17  1:38  Queen, Zergling x6  
  22  1:47  Extractor  
  22  1:49  Zergling x2  
  22  1:51  Metabolic Boost  
  23  2:00  Overlord  
  22  2:25  Zergling x4  
  22  2:29  Queen  
  26  2:33  Zergling x2  
  23  2:39  Zergling x2  
  23  2:42  Zergling x2  
  21  2:46  Zergling x2  
  22  2:51  Zergling x2  
  22  2:53  Zergling x2  
  24  3:00  Drone x2  
  26  3:06  Drone  
  26  3:09  Drone  
  28  3:18  Drone x2  
  30  3:26  Drone x2  
  28  3:34  Queen  
  28  3:36  Drone x2  
  31  3:43  Drone x2  
  31  3:44  Drone  
  34  3:49  Overlord  
  34  3:53  Drone  
  33  3:57  Drone  
  33  4:03  Queen  
  35  4:10  Evolution Chamber  
  35  4:13  Drone x2  
  35  4:15  Drone  
  37  4:19  Drone  
  37  4:22  Roach Warren  
  37  4:24  Drone x2  
  37  4:27  Drone x2  
  41  4:34  Drone  
  42  4:39  Extractor  
  42  4:40  Extractor  
  42  4:41  Overlord  
  42  4:43  Drone x4  
  44  4:48  Lair  
  44  4:54  Evolution Chamber  
  44  4:55  Drone  
  44  4:59  Overlord  
  44  5:02  Drone  
  44  5:05  Zergling x2  
  46  5:11  Drone x3, Zerg Missile Weapons Level 1  
  49  5:15  Overlord  
  49  5:22  Roach  
  49  5:23  Roach x2  
  49  5:24  Roach  
  59  5:28  Roach  
  59  5:32  Overlord  
  59  5:42  Hatchery  
  58  5:45  Glial Reconstitution  
  58  5:48  Roach  
  62  5:50  Roach  
  62  5:52  Roach  
  62  5:56  Roach  
  65  5:58  Roach  
  65  5:59  Roach  
  65  6:04  Roach x2  
  73  6:10  Overlord  
  73  6:15  Overseer  
  73  6:16  Overlord x2  
  75  6:25  Roach  
  75  6:28  Overlord  
  75  6:32  Zerg Ground Armor Level 1  
  75  6:35  Drone x5  
  75  6:36  Drone  
  81  6:42  Roach x2  
  81  6:46  Overlord  
  85  6:48  Roach x2  
  85  6:54  Queen  
  89  6:57  Drone x2  
  89  6:58  Drone  
  94  7:01  Spore Crawler  
  94  7:04  Spore Crawler  
  94  7:07  Queen  
  94  7:09  Overseer  
  94  7:12  Spore Crawler  
  93  7:17  Drone x2  
  93  7:22  Overlord x2  
  95  7:28  Overlord x2  
  95  7:31  Spore Crawler  
  95  7:32  Zerg Missile Weapons Level 2  
  95  7:35  Overseer  
  95  7:36  Queen  
  94  7:43  Drone x3  
  99  7:45  Queen  
  99  7:50  Roach x3  
  107  7:56  Queen  
  109  8:06  Drone  
  109  8:07  Infestation Pit  
  109  8:08  Extractor, Drone x3, Spore Crawler  
  109  8:11  Spore Crawler  
  109  8:12  Drone  
  110  8:18  Queen  
  113  8:21  Queen, Spore Crawler  
  113  8:25  Overlord x2  
  113  8:26  Overlord x2  
  114  8:38  Overlord  
  114  8:39  Overseer  
  114  8:41  Spawning Pool  
  114  8:42  Overlord  
  114  8:43  Extractor  
  114  8:44  Tunneling Claws  
  114  8:46  Burrow  
  112  8:51  Roach x4  
  120  8:59  Infestor x2  
  124  9:08  Infestor  
  126  9:12  Roach  
  126  9:16  Roach x2  
  126  9:17  Drone x7  
  141  9:24  Roach x2  
  141  9:28  Queen x2  
  147  9:40  Roach x6  
  147  9:44  Overlord  
  147  9:45  Overlord  
  159  9:51  Overlord  
  159  10:00  Roach  
  159  10:04  Queen x3  
  165  10:07  Roach  
  165  10:08  Roach  
  165  10:10  Roach  
  165  10:12  Roach  
  173  10:15  Roach  
  173  10:16  Roach x7  
  175  10:23  Roach  
  175  10:27  Roach  
  175  10:28  Roach x3  
  179  10:40  Roach x5  
  179  10:42  Queen  
  181  10:47  Roach x6  
  181  10:49  Roach x3  
  185  10:53  Roach  
  185  10:55  Roach  
  185  10:56  Roach x2  
  185  10:57  Roach x3  
  185  10:59  Overlord  
  181  11:07  Roach x2  
  177  11:14  Roach x3  
  181  11:18  Queen  
  181  11:22  Roach  
  189  11:25  Roach x2  
  189  11:29  Queen x2  
  193  11:36  Overlord  
  193  11:37  Overlord  
  188  11:43  Roach x2  
  188  11:45  Roach x2  
  154  11:56  Roach  
  136  12:02  Roach  
  136  12:07  Roach  
  139  12:11  Roach  
  139  12:17  Roach x2  
  139  12:18  Roach x2  
  145  12:25  Roach  
  145  12:29  Roach  
  145  12:31  Roach x23  
  145  12:32  Roach  
  143  12:47  Drone  
  140  13:11  Queen x2  
  114  13:28  Hatchery  
  97  13:36  Drone  
  82  13:42  Spore Crawler  
  82  13:43  Spore Crawler  
  82  13:45  Spore Crawler  
  77  13:50  Infestor  
  71  13:59  Infestor  
  71  14:00  Queen  
  73  14:03  Spore Crawler  
  73  14:04  Spore Crawler  
  73  14:08  Zergling x4  
  65  14:10  Infestor  
  63  14:18  Spore Crawler  
  63  14:21  Spore Crawler  
  63  14:23  Infestor  
  63  14:30  Roach x8  
  63  14:31  Queen  
  63  14:35  Drone  
  66  14:44  Infestor  
  66  14:45  Roach x2  
  68  14:52  Drone x2  
  70  14:56  Drone  
  70  14:57  Drone x4  
  75  15:02  Drone x2  
  73  15:18  Zergling x2  
  73  15:19  Zergling x4  
Show
View Real Time Build Order
Export as new Build Order

Vanya Zerg 

Build Orders: Pool First, Muta Ling Bane 

Get SALT Encoding   

  12  0:17  Spawning Pool  
  11  0:21  Drone  
  11  0:26  Drone  
  13  0:30  Drone  
  14  0:39  Overlord  
  14  1:04  Zergling x4  
  16  1:05  Zergling x2  
  17  1:15  Zergling x2  
  17  1:17  Hatchery  
  17  1:26  Zergling x2  
  17  1:32  Queen  
  20  1:37  Zergling x2  
  21  1:47  Overlord  
  21  1:59  Drone  
  22  2:09  Queen  
  22  2:11  Drone  
  25  2:20  Drone  
  26  2:30  Drone x2  
  26  2:31  Queen  
  28  2:40  Drone  
  28  2:44  Drone x4  
  32  2:49  Extractor  
  32  2:50  Drone  
  32  2:56  Drone  
  33  3:01  Drone  
  34  3:06  Drone  
  34  3:11  Overlord  
  34  3:13  Zergling x2  
  34  3:17  Spine Crawler  
  34  3:19  Zergling x2  
  35  3:21  Overlord  
  36  3:27  Overlord  
  36  3:30  Zergling x8  
  38  3:39  Drone  
  38  3:46  Drone  
  38  3:50  Drone  
  38  3:53  Drone  
  38  3:55  Drone x2  
  42  4:00  Drone  
  43  4:08  Evolution Chamber  
  43  4:09  Drone  
  42  4:14  Drone, Roach Warren  
  42  4:17  Lair  
  42  4:20  Overlord  
  42  4:25  Extractor, Metabolic Boost  
  42  4:26  Extractor  
  42  4:28  Drone  
  42  4:31  Drone, Extractor  
  42  4:36  Drone x2  
  43  4:39  Drone  
  43  4:40  Drone  
  43  4:42  Drone  
  43  4:45  Drone  
  47  4:47  Drone  
  47  4:49  Drone  
  49  4:53  Drone  
  49  4:58  Drone  
  49  4:59  Drone x2  
  53  5:04  Drone  
  54  5:12  Drone x2  
  56  5:15  Spire  
  56  5:16  Drone  
  56  5:20  Drone  
  57  5:22  Overlord  
  57  5:29  Overlord  
  57  5:46  Hatchery  
  56  5:51  Zergling x10  
  56  5:55  Zergling x4  
  63  6:02  Zergling x8  
  66  6:13  Zergling x2  
  66  6:14  Zergling x4  
  69  6:20  Overlord  
  69  6:26  Mutalisk x4  
  69  6:27  Zerg Flyer Weapons Level 1  
  69  6:30  Overlord  
  77  6:34  Overlord  
  77  6:35  Mutalisk x3  
  83  6:41  Mutalisk x2  
  87  6:49  Mutalisk  
  87  6:51  Zergling x2  
  89  6:58  Zerg Melee Weapons Level 1  
  89  7:00  Queen  
  92  7:01  Drone x3  
  92  7:06  Mutalisk  
  96  7:09  Drone x2  
  96  7:13  Drone x2  
  100  7:16  Drone x2  
  100  7:18  Extractor  
  100  7:21  Extractor  
  100  7:23  Overlord  
  99  7:30  Drone x3  
  99  7:32  Drone  
  99  7:35  Baneling Nest  
  102  7:38  Mutalisk x3  
  102  7:43  Drone x3  
  111  7:51  Overlord  
  111  7:53  Mutalisk  
  111  7:54  Mutalisk  
  111  7:55  Drone  
  111  7:56  Drone  
  111  7:58  Overlord  
  117  8:11  Hatchery, Mutalisk  
  118  8:20  Mutalisk x3  
  118  8:24  Overlord  
  118  8:25  Zergling x6  
  127  8:28  Mutalisk  
  129  8:39  Centrifical Hooks  
  129  8:40  Drone x3  
  131  8:41  Drone x3  
  131  8:48  Mutalisk x2  
  133  8:50  Drone x2  
  133  8:55  Overlord  
  139  8:57  Zerg Melee Weapons Level 2  
  139  9:02  Overseer  
  139  9:03  Drone  
  139  9:04  Spore Crawler  
  139  9:06  Drone  
  139  9:07  Spine Crawler  
  139  9:08  Spine Crawler  
  138  9:10  Spine Crawler  
  138  9:15  Spine Crawler  
  137  9:17  Mutalisk x2  
  137  9:21  Zergling x8  
  145  9:26  Baneling x9  
  145  9:27  Baneling x2  
  145  9:32  Drone x4  
  149  9:39  Extractor  
  149  9:40  Drone x3, Extractor  
  149  9:42  Drone x3  
  153  9:52  Mutalisk x4  
  155  9:55  Overlord  
  155  9:57  Overlord  
  154  10:07  Zerg Flyer Weapons Level 2  
  154  10:10  Baneling x6  
  151  10:22  Baneling x9  
  151  10:25  Hatchery  
  149  10:28  Zergling x2  
  149  10:29  Zergling x22  
  157  10:39  Zergling x20  
  161  10:45  Mutalisk x3  
  146  10:59  Zergling x24  
  150  11:04  Overseer  
  150  11:06  Pneumatized Carapace  
  150  11:12  Zergling x2  
  150  11:13  Zergling x10  
  156  11:19  Mutalisk x2  
  160  11:26  Overlord  
  160  11:31  Baneling x11  
  160  11:32  Baneling  
  160  11:33  Baneling x9  
  160  11:36  Queen, Overlord  
  160  11:38  Overlord  
  160  11:41  Overlord  
  146  11:52  Zergling x16  
  141  12:00  Mutalisk x5  
  135  12:07  Mutalisk x2  
  128  12:15  Mutalisk  
  128  12:16  Mutalisk x2  
  130  12:23  Mutalisk x2  
  130  12:29  Mutalisk  
  135  12:44  Spine Crawler  
  127  12:46  Zergling x8  
  120  12:59  Zergling x8  
  48  13:22  Drone x3  
  38  13:43  Drone x3  
  38  13:44  Drone  
  38  13:45  Drone  
  43  13:55  Drone  
  44  14:21  Drone  
  45  14:27  Drone  
  46  14:36  Drone  
  47  14:46  Drone  
  48  14:53  Drone  
  47  15:02  Drone  
Tags
 
Add a new tag
Caveats
  • Supply blocks, unpowered buildings, or Contaminate may cause inaccurate times.
  • Supply counts are checked every 10 seconds.